 Seeded DCSS version 0.29.1-2-gbd0b4ee654 (webtiles) character file.

Game seed: 1 (custom seed)

5434 Kazon the Carver (level 10, -6/110 HPs)
             Began as an Ogre Berserker on Nov 25, 2022.
             Was an Elder of Trog.
             Mangled by an orc warrior
             ... wielding a +0 battleaxe
              (20 damage)
             ... on level 9 of the Dungeon.
             The game lasted 00:36:52 (7818 turns).

Kazon the Carver (Ogre Berserker)                   Turns: 7818, Time: 00:36:52

Health: -6/110     AC:  8    Str: 23    XL:     10   Next: 68%
Magic:  10/10      EV: 11    Int:  8    God:    Trog [****..]
Gold:   384        SH:  0    Dex: 12    Spells: 9/9 levels left

rFire   . . .      SeeInvis .   s - +3 falchion of Winter {venom, rCorr}
rCold   + . .      Faith    .   (no shield)
rNeg    + . .      Spirit   .   f - +0 acid dragon scales
rPois   .          Reflect  .   (helmet restricted)
rElec   .          Harm     .   (no cloak)
rCorr   +          Rampage  .   (gloves unavailable)
Will    +....                   (boots unavailable)
Stlth   ++........              c - amulet of the acrobat
HPRegen 0.28/turn               o - ring of positive energy
MPRegen 0.12/turn               B - ring of protection from cold

@: on berserk cooldown, studying Long Blades
A: large, unfitting armour, tough skin 1
a: Renounce Religion, Berserk, Trog's Hand, Brothers in Arms


You were on level 9 of the Dungeon.
You worshipped Trog.
Trog was greatly pleased with you.
You visited 1 branch of the dungeon, and saw 9 of its levels.

You collected 568 gold pieces.
You spent 184 gold pieces at shops.

Inventory:

Hand Weapons
 e - a +2 dagger of venom
 s - the +3 falchion of Winter (weapon) {venom, rCorr}
   (You bought it in a shop on level 3 of the Dungeon)

   It poisons the flesh of those it strikes.
   rCorr:     It protects you from acid and corrosion.
 v - a +1 long sword of protection
Missiles
 g - 10 stones (quivered)
 h - 14 boomerangs
 m - a throwing net
 A - 2 curare-tipped darts
 E - 8 poisoned darts
Armour
 b - a +2 robe of willpower
 f - +0 acid dragon scales (worn)
Jewellery
 c - an amulet of the acrobat (around neck)
 o - a ring of positive energy (left hand)
 B - a ring of protection from cold (right hand)
Wands
 w - a wand of mindburst (20)
 x - a wand of paralysis (16)
 y - a wand of flame (11)
 D - a wand of roots (6)
Scrolls
 i - 2 scrolls of identify
 k - 2 scrolls of immolation {unknown}
 n - 2 scrolls of fog {unknown}
 p - a scroll of poison {unknown}
 r - a scroll of magic mapping {unknown}
 t - 2 scrolls of noise {unknown}
 u - 2 scrolls of teleportation
 C - 2 scrolls of enchant weapon {unknown}
 F - 2 scrolls of fear
 I - a scroll of amnesia {unknown}
Potions
 a - 2 potions of ambrosia {unknown}
 d - 2 potions of haste
 j - 4 potions of berserk rage
 l - 3 potions of flight
 q - 5 potions of lignification
 z - 2 potions of cancellation
 G - a potion of might
 H - 2 potions of curing


   Skills:
 + Level 10.0 Fighting
 + Level 4.4(8.3) Short Blades
 + Level 10.9(11.3) Long Blades
 + Level 5.2 Throwing
 + Level 4.0 Armour
 + Level 6.5 Dodging
 + Level 4.2 Stealth
 * Level 4.0 Evocations


You had 9 spell levels left.
You didn't know any spells.
Your spell library was empty.

Dungeon Overview and Level Annotations

Branches:
Dungeon (9/15)             Temple (0/1) D:7
   Lair: D:8-11         Orc: D:9-12

Altars:
Elyvilon
Hepliaklqana
Uskayaw

Shops:
D:3 (   D:8 ?(==


Innate Abilities, Weirdness & Mutations

You are too large for most types of armour.
You have tough skin. (AC +1)


Message History

The orc is lightly wounded.
The orc hits you with a +4 short sword of freezing.
The orc freezes you.
The orc warrior hits you with a +0 battleaxe!!
You barely miss the orc warrior.
You feel yourself speed up.
The orc hits you with a +4 short sword of freezing.
The orc warrior hits you with a +0 battleaxe!
You hit the orc.
The orc is moderately wounded.
The orc hits you with a +4 short sword of freezing.
The orc warrior hits you with a +0 battleaxe!
You barely miss the orc warrior.
The orc hits you with a +4 short sword of freezing.
The orc freezes you.
The orc warrior hits you with a +0 battleaxe!
* * * LOW HITPOINT WARNING * * *
You hit the orc warrior but do no damage.
The orc warrior is poisoned.
The orc hits you but does no damage.
The orc warrior hits you with a +0 battleaxe.
* * * LOW HITPOINT WARNING * * *
You're still recovering from your berserk rage.
You closely miss the orc warrior.
The orc warrior is lightly wounded.
The orc hits you but does no damage.
The orc warrior hits you with a +0 battleaxe!
* * * LOW HITPOINT WARNING * * *
You hit the orc warrior but do no damage.
The orc warrior looks even sicker.
The orc warrior is lightly wounded.
You kill the orc!
Trog accepts your kill.
You hit the orc warrior.
The orc warrior looks as sick as possible!
The orc warrior is lightly wounded.
The orc warrior misses you.
You barely miss the orc warrior.
The orc warrior is lightly wounded.
The orc warrior hits you with a +0 battleaxe!!
You die...

........................
........................
..<.....................
................).......
###....#...## .....)....
...##.####.# .........
...##...##### #...[....
#...........####)o......
##..............@.......
##...............#####.$
#.....†........#..#
....##)...##..##..# ..##
#...###..##...# .. #...#
#..###...# #.....##...
....# .......##....
....# ...#...........


You could see an orc warrior (extremely poisoned).

Vanquished Creatures
  Maggie (D:6)
  Prince Ribbit (D:9)
  A yak (D:6)
  2 wyverns
  Eustachio (D:5)
  A steam dragon (D:7)
  Menkaure (D:5)
  Edmund (D:6)
  4 water moccasins
  3 orc warriors
  An ice beast (D:8)
  5 sky beasts
  2 black bears (D:6)
  4 centaurs
  An ogre (D:6)
  2 phantoms (D:6)
  2 kobold brigands
  3 necrophages
  A bullfrog (D:7)
  A gnoll sergeant (D:7)
  5 scorpions
  5 wights
  A howler monkey (D:5)
  2 jellies (D:6)
  A hound (D:4)
  6 orc priests
  A gnoll bouda (D:7)
  6 iguanas
  Robin (D:3)
  15 gnolls
  13 adders
  3 shadow imps
  2 white imps (D:7)
  An ufetubus (D:5)
  3 worms
  29 orcs
  11 endoplasms
  A giant cockroach (D:1)
  16 goblins
  9 hobgoblins
  A jackal (D:4)
  17 kobolds
  A quokka (D:1)
  4 ball pythons
  4 bats
  3 frilled lizards
  6 rats
205 creatures vanquished.

Vanquished Creatures (others)
  A quokka (D:7)
1 creature vanquished.

Grand Total: 206 creatures vanquished

Notes
Turn   | Place    | Note
-------+----------+-------------------------------------------
     0 | D:1      | Kazon the Ogre Berserker began the quest for the Orb.
     0 | D:1      | Reached XP level 1. HP: 24/24 MP: 1/1
    35 | D:1      | Identified a scroll of acquirement
    35 | D:1      | Acquired a manual of Long Blades
   468 | D:1      | Reached XP level 2. HP: 26/32 MP: 2/2
  1078 | D:2      | Reached XP level 3. HP: 11/40 MP: 3/3
  1216 | D:2      | Reached ** piety under Trog
  1628 | D:2      | Reached XP level 4. HP: 36/49 MP: 4/4
  1634 | D:2      | Reached skill level 1 in Throwing
  1869 | D:3      | Found Umat's Antique Weapon Boutique.
  1898 | D:3      | Bought a crude falchion for 184 gold pieces
  1898 | D:3      | Identified the +3 falchion of Winter {venom, rCorr} (You
                  | bought it in a shop on level 3 of the Dungeon)
  2030 | D:3      | Noticed Robin
  2051 | D:3      | Reached skill level 5 in Long Blades
  2054 | D:3      | Killed Robin
  2055 | D:3      | Reached XP level 5. HP: 15/55 MP: 5/5
  2250 | D:3      | Reached skill level 5 in Dodging
  2250 | D:3      | Reached XP level 6. HP: 54/72 MP: 6/6
  2995 | D:4      | Reached XP level 7. HP: 68/79 MP: 7/7
  3193 | D:4      | Found a hazy altar of Hepliaklqana.
  3288 | D:4      | Reached *** piety under Trog
  3376 | D:5      | Entered Level 5 of the Dungeon
  3507 | D:5      | Noticed Eustachio
  3520 | D:5      | Killed Eustachio
  3521 | D:5      | Reached XP level 8. HP: 74/88 MP: 8/8
  3529 | D:5      | Reached skill level 1 in Evocations
  4043 | D:5      | Noticed Menkaure
  4052 | D:5      | Killed Menkaure
  4465 | D:6      | Reached XP level 9. HP: 89/97 MP: 9/9
  4709 | D:6      | Noticed Maggie
  4728 | D:6      | Killed Maggie
  5266 | D:6      | Reached **** piety under Trog
  5333 | D:6      | Reached skill level 10 in Long Blades
  5534 | D:6      | Reached XP level 10. HP: 93/107 MP: 10/10
  5575 | D:6      | Noticed Edmund
  5623 | D:6      | Killed Edmund
  5683 | D:7      | Found a hide-covered altar of Uskayaw.
  5691 | D:7      | Found a staircase to the Ecumenical Temple.
  6019 | D:7      | Reached skill level 5 in Throwing
  6340 | D:7      | Found a white marble altar of Elyvilon.
  6915 | D:8      | Found Heidghoki's Jewellery Shop.
  6975 | D:8      | Found Quzidd's Magic Scroll Emporium.
  7284 | D:8      | Found Esumer's Weapon Shop.
  7620 | D:8      | Found Zoxtaeshakh's Jewellery Boutique.
  7766 | D:9      | Noticed Prince Ribbit
  7785 | D:9      | Killed Prince Ribbit
  7786 | D:9      | Reached skill level 10 in Fighting
  7818 | D:9      | Mangled by an orc warrior

Illustrated notes

Levels and vault maps discovered:
D:1:      dpeg_arrival_three_smaller_balls, layout_basic
D:2:      layout_loops_ring
D:3:      layout_basic, serial_shops, nicolae_shop_stone, st_stairs_9,
          minmay_misc_feat_doors, eino_curves_03, uniq_robin
D:4:      minmay_wonky_spiral, layout_basic,
          mainiacjoe_overflow_surrounded_room, minivault_5
D:5:      layout_cave_pods, uniq_menkaure, uniq_eustachio
D:6:      cheibrodos_barr_body, layout_basic, minmay_crystal_room,
          minmay_pentangle, uniq_maggie, uniq_edmund
D:7:      layout_cave_pools, nicolae_uskayaw_murder_on_the_dancefloor,
          elyvilon_altar_4, minmay_temple_entry_purple_smoke
D:8:      layout_basic, serial_shops, shop_statue, kennysheep_little_box, shop,
          nicolae_shop_window_shopping
D:9:      layout_cave_pools, uniq_prince_ribbit1

Skill      XL: |  1  2  3  4  5  6  7  8  9 10 |
---------------+-------------------------------+-----
Long Blades    | 3 4 5 7 8 9 10 | 10.9
Dodging        | 3 5 6 |  6.5
Throwing       | 1 4 5 |  5.2
Fighting       | 7 8 9 10 | 10.0
Short Blades   | 4 |  4.4
Armour         | 3 4 |  4.0
Stealth        | 3 4 |  4.2
Evocations     | 1 3 4 |  4.0

Action                   |  1- 3 |  4- 6 |  7- 9 | 10-12 || total
-------------------------+-------+-------+-------+-------++-------
Melee: Falchion          |   121 |    51 |   257 |   209 ||   638
       Punch             |     3 |     1 |     5 |     2 ||    11
       Dagger            |    11 |    56 |    36 |       ||   103
       Long sword        |       |       |    13 |       ||    13
Throw: Stone             |     1 |    28 |    26 |    45 ||   100
       Dart              |       |       |     2 |       ||     2
       Boomerang         |       |       |     2 |       ||     2
Invok: Berserk           |       |     1 |     2 |     5 ||     8
       Trog's Hand       |       |       |     3 |       ||     3
Evoke: Wand              |       |       |       |     2 ||     2
  Use: Scroll            |     1 |       |    10 |     1 ||    12
       Potion            |       |     1 |     2 |       ||     3
 Stab: Sleeping          |       |     4 |     3 |     2 ||     9
Armor: Animal skin       |    36 |    14 |    32 |       ||    82
       Acid dragon scale |       |       |    42 |    44 ||    86
Dodge: Dodged            |    66 |    63 |   145 |    97 ||   371
